 Dungeon Crawl Stone Soup version 0.23.2-32-g37ab1d4649 (webtiles) character file.

Game seed: 9441690096816539192

120871 Mrkan the Bludgeoner (level 16, -7/118 HPs)
             Began as a Gargoyle Fighter on June 25, 2019.
             Was the Champion of Wu Jian.
             Mangled by an ettin
             ... wielding a +0 dire flail
              (30 damage)
             ... on level 15 of the Dungeon on June 26, 2019.
             The game lasted 01:40:09 (26191 turns).

Mrkan the Bludgeoner (Gargoyle Fighter)            Turns: 26191, Time: 01:40:10

Health: -7/118     AC: 36    Str: 23    XL:     16   Next: 83%
Magic:  14/14      EV:  5    Int:  4    God:    Wu Jian [******]
Gold:   2878       SH: 32    Dex: 13    Spells: 15/15 levels left

rFire    . . .     SeeInvis .   L - +0 morningstar
rCold    x . .     Gourm    .   H - +18 shield of the Gong {rElec rN+ MR+ EV-5}
rNeg     + + +     Faith    .   x - +1 plate armour
rPois    ∞         Spirit   .   K - +2 hat {MR+}
rElec    +         Reflect  .   q - +2 cloak of Day {rC- rN+++ rCorr Int-5}
rCorr    +         Harm     .   B - +0 pair of gloves
MR       ++++.                  (no boots)
Stlth    ..........             J - amulet of magic regeneration
HPRegen  0.29/turn              C - ring of stealth
MPRegen  0.39/turn              y - ring of protection from magic

@: very slightly contaminated, hasted, invisible, very quick
A: big wings, talons 1, low mp 1, negative energy resistance 1, robust 1,
electricity resistance, unbreathing, petrification resistance, rot immunity, AC
+12
a: Fly, Wall Jump, Serpent's Lash, Heavenly Storm, Renounce Religion


You were on level 15 of the Dungeon.
You worshipped Wu Jian.
Wu Jian was exalted by your worship.
You were very hungry.

You visited 3 branches of the dungeon, and saw 23 of its levels.

You collected 2878 gold pieces.

Inventory:

Hand Weapons
 d - a +4 great sword of freezing
 u - a +2 flail of holy wrath
 D - a +1 demon trident
 L - a +0 morningstar (weapon)
Armour
 e - a +1 scale mail of fire resistance
 q - the +2 cloak of Day (worn) {rC- rN+++ rCorr Int-5}
   (You found it on level 13 of the Dungeon)

   It affects your intelligence (-5).
   It makes you vulnerable to cold.
   It renders you almost immune to negative energy.
   It provides partial protection from all sources of acid and corrosion.
 x - a +1 plate armour (worn)
 B - a +0 pair of gloves (worn)
 H - the +18 shield of the Gong (worn) {rElec rN+ MR+ EV-5}
   (You found it on level 9 of the Dungeon)

   It affects your evasion (-5).
   It insulates you from electricity.
   It protects you from negative energy.
   It affects your resistance to hostile enchantments.
 K - a +2 hat of magic resistance (worn)
 Q - +0 acid dragon scales
Jewellery
 w - an uncursed ring of protection from fire
 y - a ring of protection from magic (right hand)
 C - a ring of stealth (left hand)
 J - an amulet of magic regeneration (around neck)
 M - an uncursed amulet of rage
 N - an uncursed ring of resist corrosion
 O - a +4 ring of strength
 S - an uncursed ring of protection from magic
Wands
 a - a wand of polymorph (17)
 c - a wand of enslavement (9)
 A - a wand of random effects (36)
 I - a wand of paralysis (8)
 P - a wand of flame (31)
Scrolls
 i - 3 scrolls of magic mapping
 l - 11 scrolls of teleportation
 m - 9 scrolls of remove curse
 n - 3 scrolls of fear
 s - 6 scrolls of amnesia
 v - 3 scrolls of immolation
 z - 3 scrolls of fog
Potions
 b - 3 potions of agility
 g - a potion of cancellation
 h - 5 potions of curing
 j - a potion of haste
 k - 6 potions of lignification
 o - 8 potions of flight
 p - a potion of ambrosia
 r - 2 potions of mutation
 t - 9 potions of brilliance
 F - a potion of invisibility
 U - 2 potions of magic
Comestibles
 f - 22 rations
 E - 4 chunks of flesh


   Skills:
 * Level 15.5 Fighting
 - Level 16.0 Maces & Flails
 + Level 14.3 Armour
 + Level 6.2 Dodging
 - Level 15.0 Shields


You had 15 spell levels left.
You didn't know any spells.
Your spell library contained the following spells:

 Spells                   Type           Power        Failure   Level  Hunger
 Animate Skeleton         Necr           N/A          99%         1    ##.....
 Apportation              Tloc           #.....       99%         1    ##.....
 Beastly Appendage        Tmut           #.....       99%         1    ##.....
 Confusing Touch          Hex            #.....       99%         1    ##.....
 Corona                   Hex            #......      99%         1    ##.....
 Magic Dart               Conj           #...         99%         1    ##.....
 Summon Small Mammal      Summ           #...         99%         1    ##.....
 Blink                    Tloc           N/A          100%        2    ###....
 Call Imp                 Summ           #.......     100%        2    ###....
 Ensorcelled Hibernation  Hex/Ice        #.....       100%        2    ###....
 Passwall                 Tmut/Erth      #.......     100%        2    ###....
 Poisonous Vapours        Pois/Air       #.....       100%        2    ###....
 Slow                     Hex            #.......     100%        2    ###....
 Sticks to Snakes         Tmut           #.......     100%        2    ###....
 Swiftness                Chrm/Air       #.......     100%        2    ###....
 Confuse                  Hex            #.......     100%        3    ####...
 Conjure Flame            Conj/Fire      #.......     100%        3    ####...
 Dazzling Spray           Conj/Hex       #.....       100%        3    ####...
 Gell's Gravitas          Tloc           #.........   100%        3    ####...
 Lesser Beckoning         Tloc           #.........   100%        3    ####...
 Mephitic Cloud           Conj/Pois/Air  #.......     100%        3    ####...
 Portal Projectile        Hex/Tloc       #.....       100%        3    ####...
 Spider Form              Tmut/Pois      #.........   100%        3    ####...
 Static Discharge         Conj/Air       #.......     100%        3    ####...
 Tukima's Dance           Hex            #.......     100%        3    ####...
 Ice Form                 Ice/Tmut       #.......     100%        4    #####..
 Passage of Golubria      Tloc           N/A          100%        4    #####..
 Petrify                  Tmut/Erth      #.......     100%        4    #####..
 Blade Hands              Tmut           #.........   100%        5    ######.
 Bolt of Magma            Conj/Fire/Erth #.........   100%        5    ######.
 Irradiate                Conj/Tmut      #.........   100%        5    ######.
 Iskenderun's Battlesphe  Conj/Chrm      #.......     100%        5    ######.
 Lee's Rapid Deconstruct  Erth           #.........   100%        5    ######.
 Metabolic Englaciation   Hex/Ice        #.........   100%        5    ######.
 Venom Bolt               Conj/Pois      #.........   100%        5    ######.
 Yara's Violent Unravell  Hex/Tmut       #.........   100%        5    ######.
 Bolt of Cold             Conj/Ice       #.........   100%        6    #######
 Darkness                 Hex            #.........   100%        6    #######
 Dispersal                Tloc           #.........   100%        6    #######
 Freezing Cloud           Conj/Ice/Air   #.........   100%        6    #######
 Hydra Form               Tmut           #.........   100%        6    #######
 Invisibility             Hex            #.......     100%        6    #######
 Iron Shot                Conj/Erth      #.........   100%        6    #######
 Ozocubu's Refrigeration  Ice            #.........   100%        6    #######
 Simulacrum               Ice/Necr       #.........   100%        6    #######
 Dragon Form              Tmut           #.........   100%        7    #######
 Orb of Destruction       Conj           #.........   100%        7    #######
 Spellforged Servitor     Conj/Summ      #.........   100%        7    #######
 Statue Form              Tmut/Erth      Unusable     N/A         6    N/A

Dungeon Overview and Level Annotations

Branches:
Dungeon (15/15)            Temple (0/1) D:4            Lair (6/6) D:8
  Swamp (0/4) Lair:4        Snake (0/4) Lair:2        Slime (0/5) Lair:6
    Orc (2/2) D:11            Elf (0/3) Orc:2        Vaults (0/5) D:13
 Depths (0/5) D:15

Altars:
Ashenzari
Dithmenos
Kikubaaqudgha
Makhleb
Nemelex Xobeh
Qazlal
Sif Muna
Uskayaw
Vehumet
Wu Jian
Xom
Yredelemnul
Zin
The Shining One

Shops:
Orc:1 }   Orc:2 }:[%

Annotations:
D:7 Prince Ribbit
Lair:1 exclusion: 2 oklob plants
Lair:5 3 runed translucent doors, Thalamas's ghost, journeyman MiBe


Innate Abilities, Weirdness & Mutations

You are resistant to torment.
Your stone body is resilient. (AC +12)
You are immune to poison.
Your large and strong wings let you fly indefinitely.
You resist negative energy. (rN+)
You are resistant to electric shocks. (rElec)
You can survive without breathing.
You are immune to petrification.
You are immune to rotting.
You have sharp toenails.
Your magical capacity is low. (-10% MP)
You are robust. (+10% HP)


Message History

GONNNNG!
You barely miss the ettin.
The ettin is heavily wounded.
A slime creature comes into view.
The slime creature quivers.
There is an open door here.
You see here a stone.
You see here a stone.
Okay, then.
There is an open door here.
You fade into invisibility!
You are very lightly contaminated with residual magic.
You hit the ettin but do no damage. Your kick misses the ettin.
The ettin is moderately wounded.
You hit the ettin but do no damage.
The ettin is moderately wounded.
You block the ettin's attack.
BOUMMMMG!
The ettin hits you with a +1 dire flail of protection!!
You die...

#.#.#+#.#...#......#..C...#÷)...(
#....#..#...#...#.#)#.)P⌠..#..##.
....#(.)#.[.#.#.#..#..)8P(#'.#..§
#[#.##......#.#...#'#.)P...#.#§.§
+#'##......##......#...(..##...§.
#.#÷########+#######(.#.#.##§§§≈§
.....#......###...'(##'#'########
.#..#'#...#.#.#.#C#(#.#.#.#####.#
#.#..#(.#.#.#...@.(.#......#.....
.#..#'#.#...#.###.#.#..##)#'#..#.
.....#.(....#...#)..#......#..#.#
#.#####(#.#.#...#.###.##..#'#..#.
########(#'##......##......#.....
≈≈≈≈≈##÷#.#.########'########.#.#
PPPP≈##......#......##......##'#'
..⌠.≈#..#.#.#'#..##.#[.....##.#.#
....≈+#......#......#.......#....


You could see an ettin.

Vanquished Creatures
  Rupert (D:14)
  A sphinx (D:15)
  Gastronok (Lair:3)
  A fire giant (D:15)
  10 hydras
  Harold (D:9)
  A yaktaur captain (D:15)
  3 vault guards (D:13)
  Erolcha (Orc:1)
  A hydra (shapeshifter) (D:15)
  4 catoblepae
  11 two-headed ogres
  5 centaur warriors
  A death knight (D:15)
  A tengu warrior (D:15)
  2 ogre magi (Orc:2)
  9 death yaks (Lair:6)
  Urug (D:12)
  Sonja (D:10)
  A deep elf knight (D:15)
  3 deep trolls
  5 unseen horrors
  3 phantasmal warriors (D:15)
  3 deep elf magi
  19 ugly things
  An orc knight (Orc:2)
  A wolf spider (D:15)
  8 manticores
  13 elephants
  8 cyclopes
  10 centaur zombies
  A guardian serpent (shapeshifter) (D:14)
  An elephant (shapeshifter) (D:15)
  5 black mambas
  A smoke demon (D:13)
  A gargoyle (D:11)
  8 spiny frogs
  10 komodo dragons
  An efreet (D:15)
  A komodo dragon (shapeshifter) (D:15)
  2 yaktaurs (D:15)
  An ice devil (D:13)
  A rime drake (Lair:4)
  4 tengu conjurers
  A merfolk (D:9)
  13 trolls
  2 freezing wraiths (D:15)
  A meliai (D:15)
  2 polar bears
  A wolf spider simulacrum (D:15)
  3 hornets
  A slime creature (shapeshifter) (D:15)
  A harpy skeleton (D:15)
  11 blink frogs
  15 hippogriffs
  4 slime creatures (D:13)
  2 dream sheep (shapeshifter) (D:15)
  A centaur simulacrum (D:15)
  6 wyverns
  37 yaks
  4 wraiths
  4 basilisks
  9 humans (D:13)
  4 vampire mosquitoes
  3 hungry ghosts
  4 nagas (Lair:2)
  A soldier ant (D:14)
  2 swamp worms (Lair:4)
  A warg (Orc:2)
  An acid dragon (D:15)
  A swamp worm (shapeshifter) (D:14)
  12 porcupines
  An acid dragon (shapeshifter) (D:15)
  18 water moccasins
  Duvessa (D:5)
  17 ice beasts
  19 orc warriors
  A necrophage (D:10)
  3 black bears
  2 hornet zombies
  7 sky beasts
  31 ogres
  4 centaurs
  2 eyes of draining
  2 phantoms
  8 wolves
  20 crocodiles
  4 big kobolds (D:11)
  Blork the orc (Orc:2)
  4 gnoll sergeants
  18 bullfrogs
  Dowan (D:5)
  A wyvern skeleton (D:15)
  A hornet simulacrum (D:15)
  2 scorpions
  6 killer bees (D:11)
  4 electric eels
  17 wights
  4 howler monkeys
  3 quasits
  3 bullfrog zombies
  11 crimson imps
  14 orc priests
  2 bullfrog skeletons (D:4)
  17 orc wizards
  3 hounds
  8 jellies
  3 centaur skeletons
  6 hell rats (Lair:4)
  4 iguanas
  12 worker ants
  A hound zombie (D:6)
  Robin (D:2)
  A howler monkey skeleton (D:6)
  11 gnolls
  19 adders
  6 shadow imps
  4 white imps (D:13)
  3 oozes
  2 adder skeletons
  6 worms
  2 dart slugs
  11 leopard geckos
  65 orcs
  2 ball pythons
  3 giant cockroaches
  14 hobgoblins
  12 jackals
  4 quokkas
  9 bats
  7 frilled lizards
  16 goblins
  7 kobolds
  A quokka skeleton (D:7)
  3 rats (D:1)
  3 fungi (Lair:6)
813 creatures vanquished.

Vanquished Creatures (others)
  An unseen horror (D:15)
  2 blink frogs (Lair:6)
  An orc wizard (Orc:1)
  An orc (Orc:1)
  26 fungi
  22 plants
53 creatures vanquished.

Grand Total: 866 creatures vanquished

Notes
Turn   | Place    | Note
-------+----------+-------------------------------------------
     0 | D:1      | Mrkan the Gargoyle Fighter began the quest for the Orb.
     0 | D:1      | Reached XP level 1. HP: 14/14 MP: 1/1
    85 | D:1      | Reached XP level 2. HP: 18/19 MP: 2/2
   722 | D:1      | Reached XP level 3. HP: 23/23 MP: 3/3
  1103 | D:2      | Reached skill level 3 in Maces & Flails
  1103 | D:2      | Reached XP level 4. HP: 19/29 MP: 4/4
  1325 | D:2      | Noticed Robin
  1366 | D:2      | Reached XP level 5. HP: 30/33 MP: 5/5
  1378 | D:2      | Killed Robin
  1690 | D:3      | Found a glowing silver altar of Zin.
  1690 | D:3      | Noticed an angel
  1693 | D:3      | Found a shimmering altar of Xom.
  2020 | D:3      | Reached skill level 4 in Maces & Flails
  2106 | D:3      | Found a glowing golden altar of the Shining One.
  2157 | D:3      | Reached XP level 6. HP: 32/39 MP: 6/6
  2364 | D:3      | Found a radiant altar of Vehumet.
  2382 | D:3      | Found a deep blue altar of Sif Muna.
  2382 | D:3      | Found a hide-covered altar of Uskayaw.
  2382 | D:3      | Found a burning altar of Makhleb.
  2383 | D:3      | Found a stormy altar of Qazlal.
  2385 | D:3      | Found an ornate altar of the Wu Jian Council.
  2399 | D:3      | Became a worshipper of the Wu Jian Council
  2918 | D:4      | Reached skill level 5 in Fighting
  2918 | D:4      | Reached skill level 5 in Maces & Flails
  2918 | D:4      | Reached skill level 5 in Shields
  2924 | D:4      | Reached XP level 7. HP: 11/44 MP: 7/7
  3040 | D:4      | Found an ancient bone altar of Kikubaaqudgha.
  3128 | D:4      | Reached * piety under Wu Jian
  3514 | D:4      | Found a staircase to the Ecumenical Temple.
  3964 | D:5      | Entered Level 5 of the Dungeon
  3975 | D:5      | Got an iridescent hand axe
  3976 | D:5      | Identified the +10 hand axe of the Beast {chaos, Int+4}
                  | (You found it on level 5 of the Dungeon)
  4031 | D:5      | Reached skill level 6 in Maces & Flails
  4043 | D:5      | Noticed Duvessa
  4047 | D:5      | Noticed Dowan
  4065 | D:5      | Reached XP level 8. HP: 44/51 MP: 8/8
  4075 | D:5      | Killed Duvessa
  4088 | D:5      | Killed Dowan
  4138 | D:5      | Reached skill level 7 in Maces & Flails
  4410 | D:5      | Found a sparkling altar of Nemelex Xobeh.
  4819 | D:6      | Reached skill level 8 in Maces & Flails
  4819 | D:6      | Reached XP level 9. HP: 56/56 MP: 9/9
  4886 | D:6      | Reached ** piety under Wu Jian
  5052 | D:6      | Reached skill level 9 in Maces & Flails
  5781 | D:7      | Reached XP level 10. HP: 55/64 MP: 10/10
  5850 | D:7      | Reached skill level 10 in Maces & Flails
  5930 | D:7      | Got a polished leather armour
  5931 | D:7      | Identified the cursed +0 leather armour of the Princess
                  | {Str+5} (You found it on level 7 of the Dungeon)
  6039 | D:7      | Noticed Prince Ribbit
  6079 | D:7      | Noticed a two-headed ogre
  6625 | D:8      | Found a shattered altar of Ashenzari.
  6627 | D:8      | Found a shadowy altar of Dithmenos.
  6674 | D:8      | Noticed a manticore
  6679 | D:8      | Reached *** piety under Wu Jian
  6691 | D:8      | Killed a manticore
  6715 | D:8      | Noticed a two-headed ogre
  6725 | D:8      | Killed a two-headed ogre
  6743 | D:8      | Found a staircase to the Lair.
  6946 | D:8      | Reached skill level 11 in Maces & Flails
  7323 | D:9      | Noticed Harold
  7348 | D:9      | Killed Harold
  7516 | D:9      | Reached XP level 11. HP: 54/71 MP: 11/11
  7713 | D:9      | Reached **** piety under Wu Jian
  7745 | D:9      | Gained mutation: You have sharp toenails. [potion of
                  | mutation]
  7745 | D:9      | Gained mutation: Your magical capacity is low. (-10% MP)
                  | [potion of mutation]
  7745 | D:9      | Gained mutation: You are robust. (+10% HP) [potion of
                  | mutation]
  7879 | D:9      | Reached skill level 5 in Armour
  7977 | D:9      | Found the +18 shield of the Gong {rElec rN+ MR+ EV-5}
  8064 | D:10     | Entered Level 10 of the Dungeon
  8150 | D:10     | Reached skill level 10 in Shields
  8223 | D:10     | Noticed Sonja
  8253 | D:10     | Killed an unseen horror
  8253 | D:10     | Reached skill level 12 in Maces & Flails
  8254 | D:10     | Noticed a deep elf mage
  8291 | D:10     | Killed a deep elf mage
  8704 | D:10     | Killed Sonja
  9434 | Lair:1   | Entered Level 1 of the Lair of Beasts
  9460 | Lair:1   | Noticed a six-headed hydra
  9746 | Lair:1   | Killed a six-headed hydra
  9761 | Lair:1   | Noticed a five-headed hydra
  9776 | Lair:1   | Killed a five-headed hydra
  9776 | Lair:1   | Reached XP level 12. HP: 29/83 MP: 10/10
 11014 | Lair:2   | Found a staircase to the Snake Pit.
 11864 | Lair:3   | Noticed a four-headed hydra
 11886 | Lair:3   | Killed a four-headed hydra
 11886 | Lair:3   | Reached skill level 13 in Maces & Flails
 11913 | Lair:3   | Reached ***** piety under Wu Jian
 12026 | Lair:3   | Noticed Gastronok
 12038 | Lair:3   | Found a frozen archway.
 12121 | Lair:3   | Noticed a seven-headed hydra
 12123 | Lair:3   | Killed Gastronok
 12152 | Lair:3   | Reached XP level 13. HP: 32/88 MP: 11/11
 12472 | Lair:3   | Found a dark tunnel.
 13220 | Lair:4   | Found a staircase to the Swamp.
 13391 | Lair:4   | Reached skill level 10 in Armour
 13640 | Lair:4   | Reached skill level 14 in Maces & Flails
 13673 | Lair:4   | Reached skill level 15 in Shields
 13801 | Lair:4   | Identified Sif Muna's Catalogue of Floating Orientation
 14720 | Lair:5   | Found a runed translucent gate.
 14720 | Lair:5   | Found a runed translucent gate.
 14720 | Lair:5   | Noticed Thalamas's ghost (journeyman MiBe)
 14721 | Lair:5   | Found a runed translucent gate.
 15216 | Lair:6   | Entered Level 6 of the Lair of Beasts
 15216 | Lair:6   | Found a staircase to the Slime Pits.
 15251 | Lair:6   | Gained mutation: Your large and strong wings let you fly
                  | indefinitely. [Gargoyle growth]
 15251 | Lair:6   | Reached XP level 14. HP: 86/94 MP: 12/12
 15422 | Lair:6   | Reached skill level 10 in Fighting
 15458 | Lair:6   | Reached ****** piety under Wu Jian
 15488 | Lair:6   | Reached skill level 15 in Maces & Flails
 16235 | Lair:6   | Identified Buzuig's Collected Works on the Rocks and
                  | Lightness
 17389 | D:11     | Found a staircase to the Orcish Mines.
 17451 | Orc:1    | Entered Level 1 of the Orcish Mines
 17938 | Orc:2    | Entered Level 2 of the Orcish Mines
 17938 | Orc:2    | Found a staircase to the Elven Halls.
 18450 | Orc:1    | Reached skill level 16 in Maces & Flails
 18620 | Orc:1    | Reached XP level 15. HP: 81/104 MP: 13/13
 19082 | Orc:1    | Reached skill level 1 in Dodging
 19541 | Orc:2    | Found Efunioh's Book Shoppe.
 19544 | Orc:2    | Found Qaecegg's Food Shop.
 19551 | Orc:2    | Found Zeqinlun's Gadget Emporium.
 19552 | Orc:2    | Found Rocle's Armour Shoppe.
 19664 | Orc:2    | Noticed Blork the orc
 19668 | Orc:2    | Killed Blork the orc
 19979 | Orc:1    | Noticed Erolcha
 20007 | Orc:1    | Killed Erolcha
 20294 | Orc:1    | Found Urhevye's Gadget Emporium.
 21155 | D:12     | Noticed Urug
 21248 | D:12     | Killed Urug
 22617 | D:13     | Got a translucent cloak
 22628 | D:13     | Identified the +2 cloak of Day {rC- rN+++ rCorr Int-5} (You
                  | found it on level 13 of the Dungeon)
 23082 | D:13     | Found a gate to the Vaults.
 23605 | D:14     | Noticed Rupert
 23640 | D:14     | Killed Rupert
 23866 | D:14     | Reached XP level 16. HP: 115/115 MP: 14/14
 24536 | D:15     | Entered Level 15 of the Dungeon
 24922 | D:15     | Reached skill level 5 in Dodging
 25052 | D:15     | Found a staircase to the Depths.
 25134 | D:15     | Found a burning altar of Makhleb.
 25135 | D:15     | Found a basalt altar of Yredelemnul.
 25135 | D:15     | Found a sparkling altar of Nemelex Xobeh.
 25540 | D:15     | Reached skill level 15 in Fighting
 25669 | D:15     | Noticed a sphinx
 25701 | D:15     | Killed a sphinx
 26191 | D:15     | Mangled by an ettin

Skill      XL: |  1  2  3  4  5  6  7  8  9 10 11 12 13 14 15 16 |
---------------+-------------------------------------------------+-----
Fighting       | 4 5 6 8 9 11 13 15 | 15.5
Maces & Flails | 3 4 5 6 8 9 11 12 13 14 16 | 16.0
Shields        | 4 5 6 8 9 11 13 15 | 15.0
Armour         | 4 7 9 10 12 13 14 | 14.3
Dodging        | 4 6 |  6.2

Action                   |  1- 3 |  4- 6 |  7- 9 | 10-12 | 13-15 | 16-18 || total
-------------------------+-------+-------+-------+-------+-------+-------++-------
Melee: Flail             |    95 |   240 |   374 |   234 |       |       ||   943
       Morningstar       |       |       |       |   723 |  2261 |   649 ||  3633
       Kick              |       |       |       |   236 |   790 |   274 ||  1300
Invok: Lunge             |       |     1 |    27 |    39 |    62 |    22 ||   151
       Whirlwind         |       |       |    19 |   112 |   418 |    18 ||   567
       Heavenly Storm    |       |       |       |       |     1 |       ||     1
  Use: Potion            |       |     1 |       |     4 |     5 |     3 ||    13
       Scroll            |       |       |    14 |    15 |     7 |     1 ||    37
 Stab: Petrified         |       |       |       |       |     3 |       ||     3
       Distracted        |       |       |       |       |     1 |       ||     1
  Eat: Chunk             |       |     7 |    10 |     5 |    27 |     4 ||    53
       Ration            |       |       |     1 |     7 |     4 |     1 ||    13
Armor: Scale mail        |    39 |   143 |    51 |       |       |       ||   233
       Plate armour      |       |       |   109 |   465 |   958 |   212 ||  1744
Dodge: Dodged            |    28 |    94 |    49 |    53 |    94 |    26 ||   344
Block: Shield            |    47 |   154 |   159 |  1033 |  2489 |   592 ||  4474
